 Dungeon Sprint DCSS version 0.19.1-1-g22dce08 (webtiles) character file.

1060 Kagutsuchi the Carver (level 8, -5/109 HPs)
             Began as a Pale Draconian Berserker on Dec 29, 2016.
             Was an Elder of Trog.
             Slain by a polar bear (12 damage)
             ... in the Dungeon (Sprint II: "The Violet Keep of Menkaure").
             The game lasted 00:04:53 (460 turns).

Kagutsuchi the Carver (Pale Draconian Berserker)     Turns: 460, Time: 00:04:54

Health: -5/109     AC:  8    Str: 25    XL:     8   Next: 6%
Magic:  8/8        EV: 16    Int:  8    God:    Trog [****..]
Gold:   11         SH:  3    Dex: 12    Spells: 0 memorised, 7 levels left

rFire  . . .     SeeInvis .     b - +2 long sword (slice)
rCold  . . .     Gourm    .     (armour unavailable)
rNeg   . . .     Faith    .     l - +0 buckler (curse)
rPois  .         Spirit   .     (helmet restricted)
rElec  .         Reflect  .     (no cloak)
rCorr  .         Harm     .     k - +0 pair of gloves
MR     .....     NoTele   +     (no boots)
Stlth  ..........               (no amulet)
                                (no ring)
                                (no ring)

@: berserking, slowed
A: breathe steam, unfitting armour, horns 1, frail 1, shaggy fur 1, wild magic
1, cold-blooded, AC +6
a: Breathe Steam, Berserk, Trog's Hand, Brothers in Arms, Burn Spellbooks,
Renounce Religion


You were in the Dungeon.
You worshipped Trog.
Trog was greatly pleased with you.
You were not hungry.

You visited 1 branch You collected 972 gold pieces.
You spent 961 gold pieces at shops.

Inventory:

Hand Weapons
 a - a +0 falchion
 b - a +2 long sword of slicing (weapon)
Armour
 k - a +0 pair of gloves (worn)
 l - a cursed +0 buckler (worn)
Scrolls
 h - a scroll of blinking
Potions
 c - 4 potions of curing
 d - 3 potions of heal wounds
 e - a potion of haste
 f - 2 potions of magic
 g - a potion of berserk rage
 i - a potion of might
 j - a potion of invisibility
Comestibles
 n - a slice of pizza
 o - a meat ration


   Skills:
 + Level 11.2 Fighting
 + Level 11.6 Long Blades
 + Level 9.0 Dodging


You had 7 spell levels left.
You didn't know any spells.

Dungeon Overview and Level Annotations

Branches:
Dungeon (1/1)

Altars:
Cheibriados
Dithmenos
Elyvilon
Fedhas
Hepliaklqana
Kikubaaqudgha
Makhleb
Qazlal
Ru
Sif Muna
Trog
Xom
Yredelemnul
Beogh
Jiyva
Lugonu

Shops:
D =}:!!((?[[=*:=%(

Annotations:
D exclusions: Roxanne and oklob plant, Roxanne


Innate Abilities, Weirdness & Mutations

You can breathe blasts of scalding, opaque steam.
Your pale cyan-grey scales are hard. (AC +6)
You cannot fit into any form of body armour.
You are cold-blooded and may be slowed by cold attacks.
You have a pair of small horns on your head.
You are frail. (-10% HP)
You are covered in fur. (AC +1)
Your spells are a little harder to cast, but a little more powerful.


Message History

You block the hornet's attack.
Your unstable footing causes you to fumble your attack.
The polar bear completely misses you.
You riposte.
Your unstable footing causes you to fumble your attack.
The polar bear completely misses you. The polar bear barely misses you.
The hornet stings you!
* * * LOW HITPOINT WARNING * * *
You feel yourself slow down.
Your unstable footing causes you to fumble your attack.
The polar bear bites you.
* * * LOW HITPOINT WARNING * * *
The polar bear barely misses you. The polar bear closely misses you.
The hornet stings you.
* * * LOW HITPOINT WARNING * * *
You feel as though you will be slow longer.
A bolt hits the polar bear!
Unknown command.
Your unstable footing causes you to fumble your attack.
The hornet closely misses you. The polar bear bites you!
You die...

.##+## ###..## ##
#.##..# .# ##.#.####. .#
###†###.##..# .# #
÷##.##().#..# .# .#
#÷.<.'.#.'..### h##.#
.##.##...#§.§.###h..##▓▓
###†###.##......@yc≈≈≈≈≈
##.#.####≈≈§....≈#+#####
#..#..#≈≈≈§≈§≈.§≈#.._._.
###.###≈≈§≈≈§÷≈.≈#._._._
≈##+##≈≈≈≈≈≈≈≈§§≈#_._._.
≈≈≈≈≈≈≈≈≈≈§≈≈§§§§#._._._
+++#+++#≈≈§≈§≈≈≈≈#.._._.
.≈.§≈ ##≈≈≈###≈≈#..._._
§≈§.§≈§≈##≈≈# #≈§#...._.


You could see 2 polar bears, a yaktaur and a hornet.

Vanquished Creatures
  A siren (D)
  A polar bear (D)
  4 necrophages (D)
  A scorpion (D)
  4 worker ants (D)
  3 worms (D)
14 creatures vanquished.

Vanquished Creatures (others)
  2 crocodiles (D)
2 creatures vanquished.

Grand Total: 16 creatures vanquished

Notes
Turn   | Place    | Note
-------+----------+-------------------------------------------
     0 | D        | Kagutsuchi the Draconian Berserker began the quest for the Orb.
     0 | D        | Reached XP level 1. HP: 19/19 MP: 1/1
     1 | D        | Noticed a necrophage
     1 | D        | Noticed a necrophage
     1 | D        | Noticed a necrophage
     1 | D        | Noticed a necrophage
     9 | D        | Killed a necrophage
     9 | D        | Reached skill level 5 in Long Blades
     9 | D        | Reached skill level 5 in Dodging
     9 | D        | Reached XP level 2. HP: 30/30 MP: 2/2
     9 | D        | Reached XP level 3. HP: 37/37 MP: 3/3
     9 | D        | Reached XP level 4. HP: 44/44 MP: 4/4
    14 | D        | Killed a necrophage
    14 | D        | Reached XP level 5. HP: 52/52 MP: 5/5
    20 | D        | Killed a necrophage
    20 | D        | Reached ** piety under Trog
    34 | D        | Killed a necrophage
    34 | D        | Reached XP level 6. HP: 38/63 MP: 6/6
   171 | D        | Reached *** piety under Trog
   227 | D        | Reached **** piety under Trog
   275 | D        | Noticed a siren
   298 | D        | Killed a siren
   298 | D        | Received a gift from Trog
   298 | D        | Reached skill level 10 in Fighting
   298 | D        | Your scales start taking on a pale cyan-grey colour.
   298 | D        | Reached XP level 7. HP: 54/73 MP: 7/7
   312 | D        | Found Izxullan's Antique Weapon Shop.
   312 | D        | Found Xuupol's Food Boutique.
   312 | D        | Found Ruchoe's Assorted Antiques.
   312 | D        | Found Tymiapt's Book Shop.
   312 | D        | Found Keyqa's Antique Armour Boutique.
   312 | D        | Found Vaux Yti's Jewellery Boutique.
   312 | D        | Found Jutyrel's Antique Armour Shop.
   313 | D        | Found Far Vynk's Magic Scroll Shop.
   314 | D        | Found Exaawe's Antique Weapon Shop.
   314 | D        | Found Ugodell's Weapon Boutique.
   315 | D        | Found Calacs's Jewellery Boutique.
   316 | D        | Found Gigi's Distillery.
   316 | D        | Found Irrehemi's Distillery.
   316 | D        | Noticed an oklob plant
   317 | D        | Found Cesothyj's Gadget Shop.
   317 | D        | Found Lotuesoa's Jewellery Boutique.
   317 | D        | Found Wydghi's Book Shoppe.
   317 | D        | Noticed a redback
   319 | D        | Noticed a redback
   324 | D        | Bought a glowing long sword for 142 gold pieces
   335 | D        | Bought a potion of brilliance for 56 gold pieces
   335 | D        | Bought 2 potions of mutation for 70 gold pieces
   335 | D        | Bought a potion of heal wounds for 70 gold pieces
   335 | D        | Bought 2 potions of curing for 84 gold pieces
   336 | D        | Gained mutation: Your spells are a little harder to cast, but a little more powerful. [potion of mutation]
   336 | D        | Gained mutation: You are covered in fur. (AC +1) [potion of mutation]
   336 | D        | Gained mutation: You are frail. (-10% HP) [potion of mutation]
   337 | D        | Gained mutation: You have a pair of small horns on your head. [potion of mutation]
   337 | D        | Gained mutation: Your magical capacity is low. (-10% MP) [potion of mutation]
   337 | D        | Lost mutation: Your magical capacity is low. (-10% MP) [potion of mutation]
   340 | D        | Bought a potion of heal wounds for 55 gold pieces
   340 | D        | Bought a potion of curing for 33 gold pieces
   340 | D        | Bought a potion of might for 44 gold pieces
   340 | D        | Bought a potion of invisibility for 88 gold pieces
   344 | D        | Bought a pair of gloves for 108 gold pieces
   344 | D        | Bought a buckler for 108 gold pieces
   411 | D        | Bought a beef jerky for 19 gold pieces
   411 | D        | Bought a slice of pizza for 19 gold pieces
   411 | D        | Bought a meat ration for 65 gold pieces
   429 | D        | Noticed Roxanne
   440 | D        | Found a roughly hewn altar of Beogh.
   441 | D        | Found a snail-covered altar of Cheibriados.
   442 | D        | Found a hazy altar of Hepliaklqana.
   442 | D        | Found a viscous altar of Jiyva.
   442 | D        | Found a stormy altar of Qazlal.
   442 | D        | Found a shadowy altar of Dithmenos.
   443 | D        | Found a sacrificial altar of Ru.
   443 | D        | Found an ancient bone altar of Kikubaaqudgha.
   443 | D        | Found a white marble altar of Elyvilon.
   444 | D        | Found a deep blue altar of Sif Muna.
   444 | D        | Found a shimmering altar of Xom.
   444 | D        | Found a corrupted altar of Lugonu.
   444 | D        | Found a blossoming altar of Fedhas.
   444 | D        | Noticed a polar bear
   445 | D        | Noticed a polar bear
   446 | D        | Found a basalt altar of Yredelemnul.
   446 | D        | Found a bloodstained altar of Trog.
   446 | D        | Found a burning altar of Makhleb.
   447 | D        | Noticed a polar bear
   448 | D        | Noticed a yaktaur
   448 | D        | Noticed a hornet
   456 | D        | Killed a polar bear
   456 | D        | Received a gift from Trog
   456 | D        | Reached XP level 8. HP: 32/73 MP: 8/8
   460 | D        | Slain by a polar bear

Skill      XL: |  1  2  3  4  5  6  7 |
---------------+----------------------+-----
Fighting       | 6 7 9 10 11 | 11.2
Long Blades    | 5 6 8 11 | 11.6
Dodging        | 5 6 7 8 9 |  9.0

Action                   |  1- 3 |  4- 6 |  7- 9 || total
-------------------------+-------+-------+-------++-------
Melee: Falchion          |     7 |    52 |       ||    59
       Tailslap          |       |    14 |     2 ||    16
       Long sword        |       |       |    16 ||    16
       Headbutt          |       |       |     4 ||     4
Invok: Berserk           |     1 |     2 |     2 ||     5
  Use: Potion            |       |       |     3 ||     3
  Eat: Bread ration      |       |     1 |       ||     1
       Beef jerky        |       |       |     1 ||     1
Armor: Skin              |     1 |     6 |    12 ||    19
Dodge: Dodged            |     2 |    17 |    23 ||    42
Block: Buckler           |       |       |     2 ||     2
       Rpst.: Falchion   |     1 |     4 |       ||     5
       Long sword        |       |       |     2 ||     2
